 Dungeon Crawl Stone Soup version 0.22-a0-282-gdd34a7d (webtiles) character file.

18 Amnesiac the Vexing (level 2, 0/17 HPs)
             Began as a Deep Elf Enchanter on Mar 18, 2018.
             Slain by Sigmund
             ... wielding a +0 scythe
              (5 damage)
             ... on level 2 of the Dungeon.
             The game lasted 00:01:51 (1163 turns).

Amnesiac the Vexing (Deep Elf Enchanter)            Turns: 1163, Time: 00:01:51

Health: 0/17       AC:  4    Str:  5    XL:     2   Next: 51%
Magic:  8/8        EV: 13    Int: 19    God:
Gold:   53         SH:  0    Dex: 15    Spells: 4/7 levels left

rFire    . . .     SeeInvis .   h - +1 short sword (elec)
rCold    . . .     Gourm    .   (no shield)
rNeg     . . .     Faith    .   b - +0 robe
rPois    .         Spirit   .   c - +1 helmet
rElec    .         Reflect  .   (no cloak)
rCorr    .         Harm     .   (no gloves)
MR       .....                  (no boots)
Stlth    ++........             (no amulet)
HPRegen  0.05/turn              (no ring)
MPRegen  0.11/turn              (no ring)

@: no status effects
A: no striking features
a: no special abilities


You were on level 2 of the Dungeon.
You were hungry.

You visited 1 branch of the dungeon, and saw 2 of its levels.

You collected 53 gold pieces.

Inventory:

Hand Weapons
 h - a +1 short sword of electrocution (weapon)
Armour
 b - a +0 robe (worn)
 c - a +1 helmet (worn)
Scrolls
 i - a scroll of blinking {!r}
Comestibles
 d - 3 rations


   Skills:
 + Level 1.8 Fighting
 - Level 1.0 Short Blades
 - Level 2.4 Dodging
 - Level 3.6 Stealth
 - Level 3.0 Spellcasting
 - Level 4.0 Hexes


You had 4 spell levels left.
You knew the following spells:

 Your Spells              Type           Power        Failure   Level  Hunger
a - Ensorcelled Hibernat  Hex/Ice        ##....       10%         2    ##.....
b - Corona                Hex            ###....      3%          1    None


Dungeon Overview and Level Annotations

Branches:
Dungeon (2/15)

Altars:

Annotations:
D:2 Sigmund


Message History

Wield which item (- for none, * to show all)? (? for menu, Esc to quit)
You hear the crackle of electricity.
h - a +1 short sword of electrocution (weapon)
Drop what? 9/52 slots (_ for help) (? for menu, Esc to quit)
You drop a +1 dagger.
Found 11 poisoned needles.
You open the door.
There is an open door here.
Some of the chunks of flesh in your inventory have rotted away.
You see here 11 poisoned needles.
Key pressed, stopping explore.
You see here a +1 dagger.
You now have 53 gold pieces (gained 14).
Some of the chunks of flesh in your inventory have rotted away.
There is an escape hatch in the floor here.
All of the chunks of flesh in your inventory have rotted away.
You see here a ring mail.
There is an escape hatch in the floor here.
You see here 17 arrows.
You see here a kobold skeleton.
There is an open door here.
There is a stone staircase leading down here.
You are feeling hungry.
Done exploring.
No target in view!
Done exploring.
Done exploring.
Done exploring.
There is a stone staircase leading down here.
You climb downwards.
There is a stone staircase leading up here.
There is a stone staircase leading up here.
A goblin comes into view.
The goblin shouts!
A goblin is nearby!
A goblin is nearby!
Found a glowing mace.
The goblin barely misses you.
You closely miss the goblin. The goblin completely misses you.
You hit the goblin.
You kill the goblin!
No target in view!
Sigmund the Dreaded comes into view.
He is wielding a scythe.
Sigmund shouts!
Sigmund gestures wildly while chanting.
Sigmund flickers and vanishes!
Deactivating autopickup; reactivate with Ctrl-A.
Really read
e - a scroll labeled YLETOT LUACOUPN {!r}?
As you read the scroll labeled YLETOT LUACOUPN {!r}, it crumbles to dust.
It is a scroll of enchant armour.
Your +0 helmet glows green for a moment.
A puff of flame appears from out of thin air!
The puff of flame hits you!
A puff of flame appears from out of thin air!
The puff of flame hits you!
* * * LOW HITPOINT WARNING * * *
Really read
f - a scroll labeled ETAPHI SEPSEFI {!r}? [Y]es or [N]o only, please.
Really read
f - a scroll labeled ETAPHI SEPSEFI {!r}?
As you read the scroll labeled ETAPHI SEPSEFI {!r}, it crumbles to dust.
It is a scroll of identify.
i - a scroll of blinking {!r} Something hits you.
You die...

#........##
#.......##
#......##
...####.)....#
.............#
...##..##..###
..##.###..#
.......#.##
..#...@.#
#...#.....#
#.. #...#.# ..
#...#.#
....##.# ..#..
$.. ..##.. #.#
.. #.. #.#


There were no monsters in sight!

Vanquished Creatures
  An ooze (D:1)
  A leopard gecko (D:1)
  A bat (D:1)
  3 goblins
  A hobgoblin (D:1)
  A frilled lizard (D:1)
  3 kobolds (D:1)
  3 rats (D:1)
14 creatures vanquished.

Notes
Turn   | Place    | Note
-------+----------+-------------------------------------------
     0 | D:1      | Amnesiac the Deep Elf Enchanter began the quest for the Orb.
     0 | D:1      | Reached XP level 1. HP: 10/10 MP: 6/6
   434 | D:1      | Reached skill level 1 in Fighting
   568 | D:1      | Reached XP level 2. HP: 16/16 MP: 6/8
   572 | D:1      | Learned a level 2 spell: Ensorcelled Hibernation
  1151 | D:2      | Noticed Sigmund
  1163 | D:2      | Slain by Sigmund

Vault maps used:
D:1:      dpeg_arrival_pits, serial_forest, infiniplex_forest_straight_3,
          infiniplex_forest_zigzag_2, infiniplex_forest_lined_room_3,
          infiniplex_forest_straight_2, infiniplex_forest_straight_4,
          infiniplex_forest_clump_large, infiniplex_forest_clump_curved,
          infiniplex_forest_clump_small
D:2:      nemelex_xobeh_ov_fountains_minmay, uniq_sigmund

Skill      XL: |  1 |
---------------+----+-----
Fighting       | 1 |  1.8
Short Blades   | |  1.0
Dodging        | |  2.4
Stealth        | |  3.6
Spellcasting   | |  3.0
Hexes          | |  4.0

Action                   || total
-------------------------++-------
Melee: Dagger            ||    37
       Short sword       ||     2
 Cast: Corona            ||     8
       Ensorcelled Hiber ||     2
  Use: Scroll            ||     2
 Stab: Sleeping          ||     4
Armor: Robe              ||     1
Dodge: Dodged            ||    25

Table legend:
 A = Spawn XP
 B = Non-spawn XP
 C = Spawn XP percentage of total XP
 D = Spawn monster count
 E = Non-spawn monster count
 F = Spawn count percentage of total count
 G = Total turns spent on level
                    A         B        C        D         E        F      G
               +---------+---------+-------+---------+---------+-------+---------
         Total |       0 |      27 |   0.0 |       0 |      14 |   0.0 |  1163
               +---------+---------+-------+---------+---------+-------+---------
           D:1 |       0 |      25 |   0.0 |       0 |      13 |   0.0 |  1067
           D:2 |       0 |       2 |   0.0 |       0 |       1 |   0.0 |    96
               +---------+---------+-------+---------+---------+-------+---------
